 Dungeon Crawl Stone Soup version 0.28-a0-941-g140ffa10cf (webtiles) character file.

Game seed: 8292846432718829957

0 oedwai the Skirmisher (level 1, -6/19 HPs)
             Began as a Minotaur Abyssal Knight on Nov 29, 2021.
             Was a Follower of Lugonu.
             Mangled by a wight (12 damage)
             ... on level 1 of the Abyss.
             The game lasted 00:03:55 (499 turns).

oedwai the Skirmisher (Minotaur Abyssal Knight)      Turns: 499, Time: 00:03:59

Health: -6/19      AC:  3    Str: 17    XL:     1   Next: 0%
Magic:  1/1        EV: 11    Int:  7    God:    Lugonu [*.....]
Gold:   0          SH:  0    Dex: 10    Spells: 0/0 levels left

rFire   . . .      SeeInvis .   a - +1 spear
rCold   . . .      Faith    .   (no shield)
rNeg    . . .      Spirit   .   b - +0 leather armour
rPois   .          Reflect  .   (helmet restricted)
rElec   .          Harm     .   (no cloak)
rCorr   .          Rampage  .   (no gloves)
Will    .....                   (no boots)
Stlth   +.........              (no amulet)
HPRegen 0.06/turn               (no ring)
MPRegen 0.07/turn               (no ring)

@: no status effects
A: horns 2, retaliatory headbutt
a: Renounce Religion, Depart the Abyss


You were on level 1 of the Abyss.
You worshipped Lugonu.
Lugonu was aware of your devotion.
You visited 0 branches of the dungeon, and saw 0 of its levels.
You visited the Abyss 1 time.

Inventory:

Hand Weapons
 a - a +1 spear (weapon)
Armour
 b - a +0 leather armour (worn)


   Skills:
 + Level 3.6 Fighting
 + Level 2.4 Polearms
 + Level 2.4 Armour
 + Level 1.1 Dodging
 + Level 1.7 Invocations


You couldn't memorise any spells.
You didn't know any spells.
Your spell library was empty.

Dungeon Overview and Level Annotations

Branches:
Dungeon (0/15)

Altars:


Innate Abilities, Weirdness & Mutations

You have a pair of horns on your head.
You reflexively headbutt those who attack you in melee.


Message History

Why would you want to do that?
You start waiting.
You start waiting.
You start waiting.
You start waiting.
You see here a +0 hand axe.
A wight comes into view. It is wielding a +0 dagger.
A wight comes into view. It is wielding a +5 dagger.
Unknown command.
Unknown command.
There are monsters nearby!
There are no items here.
Unknown command.
Unknown command.
You aren't carrying any potions.
There are monsters nearby!
There are monsters nearby!
You hit the wight.
The wight is moderately damaged.
The wight barely misses you.
You closely miss the wight. Your headbutt misses the wight.
The wight is moderately damaged.
A wight comes into view. It is wielding a +0 halberd.
You hit the wight. Your headbutt misses the wight.
The wight is moderately damaged.
The wight hits you with a +0 dagger!
You closely miss the wight. Your headbutt misses the wight.
The wight is moderately damaged.
The wight completely misses you.
Unknown command.
You barely miss the wight. You headbutt the wight!
The wight is almost destroyed.
The wight hits you with a +0 dagger.
You barely miss the wight. You headbutt the wight.
The wight is lightly damaged.
The wight closely misses you. You furiously retaliate!
You headbutt the wight.
You destroy the wight!
The wight hits you from afar with a +0 halberd!
Ouch! That really hurt!
You die...

≈≈≈ ≈≈ ... ≈≈≈≈
≈.. ≈≈≈≈...... #
. .. ≈≈≈.#####
≈≈≈#≈≈≈.#...##
≈≈≈≈#≈≈≈.##...#
.≈≈≈≈..≈.#.#..# #
≈.≈≈≈≈≈.#.#.#z###
≈ ≈≈≈≈)#....@.z#
§≈
≈≈≈.##.##..#....#
≈§§≈.≈ .##.##.##
##. § ≈ ...#..#..
≈§§§≈#§.#.#.....#
≈§§ ≈...##
....... §≈§.###.
#.##.. §≈§.# .
### #.## §≈.# #.
.


You could see 2 wights.

Vanquished Creatures
  A wight (Abyss:1)
1 creature vanquished.

Notes
Turn   | Place    | Note
-------+----------+-------------------------------------------
     0 | Abyss:1  | oedwai the Minotaur Abyssal Knight began the quest for the
                  | Orb.
     0 | Abyss:1  | Reached XP level 1. HP: 19/19 MP: 1/1
    47 | Abyss:1  | Found a corrupted altar of Lugonu.
   491 | Abyss:1  | Noticed a wight
   492 | Abyss:1  | Noticed a wight
   495 | Abyss:1  | Noticed a wight
   499 | Abyss:1  | Killed a wight
   499 | Abyss:1  | Mangled by a wight

Illustrated notes

Levels and vault maps discovered:
Abyss:1:  base: Temple, hangedman_abyss_lost_library, base:
Temple

Action                   || total
-------------------------++-------
Melee: Spear             ||     6
       Headbutt          ||     2
Dodge: Dodged            ||     3

Table legend: (Time is in decaauts)
 A = Elapsed time spent in this place.
 B = Non-inter-level travel time spent in this place.
 C = Inter-level travel time spent in this place.
 D = Time resting spent in this place.
 E = Time spent auto-exploring this place.
 F = Levels seen in this place.
 G = Mean time per level.
                   A        B        C        D        E       F      G
               +--------+--------+--------+--------+--------+-----+--------+
         Total |    498 |    498 |      0 |    341 |    131 |   1 |  498.0 |
         Abyss |    498 |    498 |      0 |    341 |    131 |   1 |  498.0 |
               +--------+--------+--------+--------+--------+-----+--------+

Top non-repeatable levels by time:
 Abyss:1: 498 daAuts
